 Dungeon Crawl Stone Soup version 0.30.1-11-g7821555f0a (webtiles) character file.

Game seed: 3719839565022819899

821 booth the Chopper (level 7, -2/55 HPs)
             Began as a Demonspawn Gladiator on Dec 25, 2023.
             Was a Follower of Wu Jian.
             Slain by a lemure (3 damage)
             ... led by Pikel
             ... on level 6 of the Dungeon.
             The game lasted 00:31:26 (5070 turns).

booth the Chopper (Demonspawn Gladiator)            Turns: 5070, Time: 00:31:26

Health: -2/55      AC:  7    Str: 22    XL:     7   Next: 63%
Magic:  7/7        EV: 12    Int: 12    God:    Wu Jian [*.....]
Gold:   284        SH:  0    Dex: 14    Spells: 6/6 levels left

rFire   . . .        a - +0 war axe (elec)
rCold   . . .        (no shield)
rNeg    + + .        q - +2 leather armour {rN+}
rPois   +            c - +0 helmet
rElec   .            l - scarf "Cehe" {+Inv, rPois Int+2 Stlth-}
rCorr   .            (no gloves)
SInv    .            g - +0 pair of boots
Will    .....        (no amulet) Stlth
                     n - +6 ring of strength
HPRegen 0.29/turn    v - ring of positive energy
MPRegen 0.10/turn

%: no passive effects
@: flying
A: claws 1, powered by pain 1
a: Renounce Religion, Evoke Invisibility


You were on level 6 of the Dungeon.
You worshipped Wu Jian.
Wu Jian was aware of your devotion.
You visited 1 branch of the dungeon, and saw 6 of its levels.

You collected 284 gold pieces.

Inventory:

Hand Weapons
 a - a +0 war axe of electrocution (weapon)
 b - a +0 mace
Missiles
 d - a throwing net (quivered)
 s - 6 silver javelins
Armour
 c - a +0 helmet (worn)
 g - a +0 pair of boots (worn)
 k - a +0 ring mail
 l - the scarf "Cehe" (worn) {+Inv, rPois Int+2 Stlth-}
   (You acquired it on level 3 of the Dungeon)

   Int:       It affects your intelligence (+2).
   rPois:     It protects you from poison.
   Stlth:     It makes you less stealthy.
 q - a +2 leather armour of positive energy (worn)
 u - a +0 tower shield
Jewellery
 n - a +6 ring of strength (left claw)
 v - a ring of positive energy (right claw)
Wands
 m - a wand of flame (4)
Scrolls
 e - a scroll of fear
 p - 2 scrolls of teleportation
 r - a scroll of immolation {unknown}
Potions
 h - a potion of might
 j - a potion of berserk rage {unknown}
 o - a potion of curing {unknown}


   Skills:
 + Level 4.7 Fighting
 * Level 6.0 Axes
 + Level 4.2 Throwing
 - Level 2.9 Dodging


You had 6 spell levels left.
You didn't know any spells.
Your spell library contained the following spells:

 Spells                   Type           Power      Damage    Failure   Level
 Dazzling Flash           Conj/Hex       0%         N/A       75%         3
 Inner Flame              Hex/Fire       0%         N/A       75%         3
 Volatile Blastmotes      Fire/Tloc      0%         2d10      75%         3
 Iskenderun's Mystic Bla  Conj/Tloc      0%         2d3       98%         4
 Passage of Golubria      Tloc           0%         N/A       98%         4
 Silence                  Hex/Air        0%         N/A       100%        5
 Yara's Violent Unravell  Hex/Tmut       0%         3d3       100%        5
 Starburst                Conj/Fire      0%         6d3       100%        6
 Enfeeble                 Hex            0%         N/A       100%        7
 Lehudib's Crystal Spear  Conj/Erth      0%         10d2      100%        8


Dungeon Overview and Level Annotations

Branches:
Dungeon (6/15)
 Temple: D:4-7

Altars:
Wu Jian

Annotations:
D:6 Pikel


Innate Abilities, Weirdness & Mutations

You have sharp fingernails.
You sometimes gain a little power by taking damage.


Message History

The lemure hits you but does no damage. x2; Pikel barely misses you.
The killer bee barely misses you.
Pikel hits you with a +0 whip of electrocution.
The lemure hits you. The lemure closely misses you.
You slash Pikel!
Pikel is heavily wounded.
You closely miss the lemure. x2; You miss the killer bee.
You hit the lemure.
You kill the lemure!
That felt strangely unrewarding.
The killer bee misses you.
The killer bee stings you but does no damage.
The lemure barely misses you. The lemure closely misses you.
Pikel closely misses you.
You hit Pikel. Lightning courses through Pikel!
Pikel is almost dead.
You hit the lemure. You closely miss the lemure. You hit the killer bee.
You kill the killer bee!
The Council accepts your kill.
You slash the orc!
You kill the orc!
The Council accepts your kill.
The jelly jiggles.
The lemure hits you. The lemure misses you.
Pikel hits you with a +0 whip of electrocution.
* * * LOW HITPOINT WARNING * * *
Your Axes skill increases to level 6!
You closely miss Pikel.
Pikel is almost dead.
You hit the lemure. x2; You barely miss the lemure.
The lemure hits you.
* * * LOW HITPOINT WARNING * * *
The lemure closely misses you. The lemure hits you.
* * * LOW HITPOINT WARNING * * *
Pikel hits you with a +0 whip of electrocution!
* * * LOW HITPOINT WARNING * * *
It was a potion of flight.
You feel very buoyant.
You fly up into the air.
The steam dragon misses you.
The steam dragon claws you but does no damage.
The lemure hits you but does no damage. The lemure barely misses you.
The lemure hits you.
You die...

#)# ###.............
#.# #...............
#)# #...............
#.# #..............
#.# #......#.#.#.#.#
#.# #...............
#.# ########.#.#.#.#
#.# ###.5.........
#.# #..@K#.#>#.#.#
#.# #.55D.........
#.# #..J.#.#.#.#.#
#.### #.............
#...#..........####.
####.#..[..#......
#.<#.#.....#......
##.#.#########...
#.#.#


You could see Pikel, a steam dragon, 3 lemures and a jelly.

Vanquished Creatures
  Sigmund (D:2)
  A black bear (D:5)
  A lemure (D:6)
  A phantom (D:6)
  4 killer bees (D:6)
  An iguana (D:5)
  Natasha (thrice) (D:3)
  3 orc wizards
  A gnoll (D:6)
  4 adders
  2 ufetubi
  A dart slug (D:5)
  12 orcs
  4 ball pythons
  10 endoplasms
  A giant cockroach (D:2)
  5 goblins
  7 hobgoblins
  5 quokkas
  7 bats
  8 frilled lizards
  6 kobolds
  2 rats
90 creatures vanquished.

Notes
Turn   | Place    | Note
-------+----------+-------------------------------------------
     0 | D:1      | booth the Demonspawn Gladiator began the quest for the Orb.
     0 | D:1      | Reached XP level 1. HP: 16/16 MP: 1/1
   313 | D:1      | Gained mutation: You have sharp fingernails. [demonic
                  | ancestry]
   313 | D:1      | Reached XP level 2. HP: 14/22 MP: 2/2
   855 | D:2      | Found an ornate altar of the Wu Jian Council.
   864 | D:2      | Reached skill level 3 in Axes
   909 | D:2      | Became a worshipper of the Wu Jian Council
  1079 | D:2      | Reached XP level 3. HP: 25/28 MP: 3/3
  1218 | D:2      | Noticed Sigmund
  1239 | D:2      | Killed Sigmund
  1240 | D:2      | Reached skill level 4 in Axes
  1240 | D:2      | Reached XP level 4. HP: 8/35 MP: 4/4
  1240 | D:2      | Reached XP level 5. HP: 10/41 MP: 5/5
  1919 | D:3      | Noticed Natasha
  2209 | D:3      | Noticed a golden eye
  2217 | D:3      | Noticed a golden eye
  2240 | D:3      | Noticed a golden eye
  2242 | D:3      | Found a faded altar of an unknown god.
  2246 | D:3      | Noticed an eye of devastation
  2401 | D:3      | Killed Natasha
  2441 | D:3      | Noticed Natasha
  2452 | D:3      | Killed Natasha
  2453 | D:3      | Reached XP level 6. HP: 41/47 MP: 6/6
  2819 | D:3      | Noticed Natasha
  2837 | D:3      | Killed Natasha
  3030 | D:3      | Identified a scroll of acquirement
  3030 | D:3      | Acquired the scarf "Cehe" {+Inv, rPois Int+2 Stlth-}
  3117 | D:4      | Reached * piety under Wu Jian
  3930 | D:5      | Entered Level 5 of the Dungeon
  4120 | D:5      | Identified the +1 cloak of the Eternal Void {Harm rCorr
                  | Int-3 Dex+7}
  4156 | D:5      | Reached skill level 5 in Axes
  4748 | D:6      | Gained mutation: You sometimes gain a little power by
                  | taking damage. [demonic ancestry]
  4748 | D:6      | Reached XP level 7. HP: 54/54 MP: 7/7
  4840 | D:6      | HP: 2/55 [poisoned by a killer bee]
  5054 | D:6      | Noticed Pikel
  5063 | D:6      | Noticed a steam dragon
  5069 | D:6      | Reached skill level 6 in Axes
  5069 | D:6      | HP: 1/55 [Pikel/+0 whip of electrocution (7)]
  5070 | D:6      | Slain by a lemure

Illustrated notes

Levels and vault maps discovered:
D:1:      dpeg_arrival_court, layout_basic
D:2:      layout_loops_corners, basic_altar, uniq_sigmund
D:3:      minmay_diamond_boxcup, layout_basic, mainiacjoe_overflow_paths,
          hellmonk_ecumenical_altar_watching_god, minmay_liquid_box,
          uniq_natasha
D:4:      layout_loops_ring
D:5:      layout_cave_pools, kennysheep_cross_bottleneck
D:6:      corexii_shantytown, layout_basic, kennysheep_mini,
          mainiacjoe_overflow_small_starburst,
          mainiacjoe_overflow_cross_hatched, st_stairs_12, uniq_pikel,
          uniq_eustachio

Skill      XL: |  1  2  3  4  5  6  7 |
---------------+----------------------+-----
Throwing       | 2 3 4 |  4.2
Axes           | 3 4 5 6 |  6.0
Fighting       | 3 4 |  4.7
Dodging        | |  2.9

Action                     |  1- 3 |  4- 6 |  7- 9 || total
---------------------------+-------+-------+-------++-------
  Melee: War axe           |    68 |   169 |    41 ||   278
         Punch             |     1 |     2 |       ||     3
  Throw: Throwing net      |     2 |     4 |       ||     6
         Javelin           |       |     3 |     1 ||     4
Ability: Lunge             |     6 |    16 |       ||    22
         Whirlwind         |       |     5 |     4 ||     9
    Use: Scroll            |     2 |     7 |       ||     9
         Potion            |     1 |     3 |     4 ||     8
   Stab: Sleeping          |     2 |       |       ||     2
 Armour: Leather armour    |    18 |    35 |    33 ||    86
         Ring mail         |       |    30 |       ||    30
  Dodge: Dodged            |    39 |   117 |    40 ||   196
